 Dungeon Crawl Stone Soup version 0.24-a0-433-gbe6fa4f6cc (webtiles) character file.

Game seed: 14959659668677288897

26 Gumption the Bolt Thrower (level 2, 0/25 HPs)
             Began as a Centaur Hunter on June 14, 2019.
             Succumbed to an adder's poison
             ... on level 2 of the Dungeon.
             The game lasted 00:08:56 (1772 turns).

Gumption the Bolt Thrower (Centaur Hunter)          Turns: 1772, Time: 00:08:57

Health: 0/25       AC:  7    Str: 11 (14) XL:     2   Next: 89%
Magic:  2/2        EV:  3    Int:  9 (10) God:
Gold:   102        SH:  0    Dex:  8 (9)  Spells: 1/1 levels left

rFire    . . .     SeeInvis .   b - +0 short sword
rCold    . . .     Gourm    .   (no shield)
rNeg     . . .     Faith    .   l - +0 chain mail
rPois    .         Spirit   .   (no helmet)
rElec    .         Reflect  .   (no cloak)
rCorr    .         Harm     .   (no gloves)
MR       .....                  (no barding)
Stlth    ..........             (no amulet)
HPRegen  0.08/turn              (no ring)
MPRegen  0.08/turn              (no ring)

@: lethally poisoned (0 -> -6), very quick
A: large, hooves 3, deformed body, speed 2, tough skin 3
a: no special abilities


You were on level 2 of the Dungeon.
You were hungry.

You visited 1 branch of the dungeon, and saw 2 of its levels.

You collected 102 gold pieces.

Inventory:

Hand Weapons
 a - a +1 hand crossbow
 b - a +0 short sword (weapon)
Missiles
 d - 20 bolts
 h - 105 stones (quivered)
Armour
 l - a +0 chain mail (worn)
Scrolls
 f - 3 scrolls of remove curse {unknown}
 g - 4 scrolls of identify {unknown}
 i - a scroll of magic mapping {unknown}
 j - a scroll of fog {unknown}
Comestibles
 c - a chunk of flesh
 e - 2 rations


   Skills:
 * Level 2.5 Fighting
 * Level 4.7 Crossbows
 + Level 0.5 Armour
 + Level 1.6 Dodging
 - Level 0.4 Stealth


You had one spell level left.
You didn't know any spells.
Your spell library was empty.

Dungeon Overview and Level Annotations

Branches:
Dungeon (2/15)

Altars:
Nemelex Xobeh


Innate Abilities, Weirdness & Mutations

You have hooves in place of feet.
Armour fits poorly on your strangely shaped body.
You cover ground very quickly.
You have extremely tough skin. (AC +3)


Message History

g - Guard the area. f - Follow me.
Anything else - Cancel.
You shout for attention!
You hear a shout!
You hear a bark!
You hear a shout!
The bat hits you but does no damage. x2; The rat bites you but does no damage.
A dart slug comes into view.
What are your orders? t - Shout!
Orders for allies: a - Attack new target. r - Retreat! s - Stop attacking. g - Guard the area. f - Follow me.
Anything else - Cancel.
You shout for attention!
* * * LOW HITPOINT WARNING * * *
You feel sick.
You hear a bark!
The bat hits you but does no damage. x2; The rat bites you.
* * * LOW HITPOINT WARNING * * *
The adder bites you but does no damage. The bat hits you but does no damage.
The rat bites you but does no damage.
You die...

+....#.###.#.################..#
######.###.#.########..........#
.................#.########.#
..........######.#...........
....###......# #.#..#######.#
.....# #..###.# #.#..# ..#
...........# #.# #.#..# #### #
....##.###.###.#..# #
...........@.......# ###
#.....w####.###.#.#.........
#..........rbS....#.##...... ...
.#.#.#..#.g..##.# .... .. #
#..#.#.$# .# ... ... #....#..#
... ##.###..# # #.. .... ##...
#####...#


You could see a dart slug, a bat and a rat.

Vanquished Creatures
  A worm (D:2)
  A bat (D:2)
  A giant cockroach (D:1)
  4 goblins
  5 hobgoblins
  2 jackals (D:1)
  A kobold (D:2)
  4 frilled lizards
  A rat (D:1)
20 creatures vanquished.

Notes
Turn   | Place    | Note
-------+----------+-------------------------------------------
     0 | D:1      | Gumption the Centaur Hunter began the quest for the Orb.
     0 | D:1      | Reached XP level 1. HP: 17/17 MP: 1/1
   665 | D:1      | Reached XP level 2. HP: 22/24 MP: 2/2
  1704 | D:2      | Found a sparkling altar of Nemelex Xobeh.
  1770 | D:2      | HP: 1/25 [rat (1)]
  1772 | D:2      | Succumbed to an adder's poison

Levels and vault maps discovered:
D:1:      minmay_arrival_stair_chambers, layout_basic, minmay_tromino_v7
D:2:      layout_basic, overflow_temple_1_default

Action                   || total
-------------------------++-------
Melee: Short sword       ||   109
       Kick              ||    16
  Use: Potion            ||     1
  Eat: Chunk             ||     1
Armor: Chain mail        ||    84
       Leather armour    ||     3
Dodge: Dodged            ||    29

Table legend:
 A = Non-vault XP
 B = Vault XP
 C = Vault XP percentage of total XP
 D = Non-vault monster count
 E = Vault monster count
 F = Vault count percentage of total count
                 A         B        C        D         E       F
            +---------+---------+-------+---------+---------+-------
      Total |      30 |       8 |  21.1 |      16 |       4 |  20.0
            +---------+---------+-------+---------+---------+-------
        D:1 |      15 |       8 |  34.8 |       9 |       4 |  30.8
        D:2 |      15 |       0 |   0.0 |       7 |       0 |   0.0
            +---------+---------+-------+---------+---------+-------
